 Dungeon Crawl Stone Soup version 0.28.0-53-g5a82cb258f (webtiles) character file.

Game seed: 3736599709261268816

2 raph the Conjurer (level 1, 0/14 HPs)
             Began as a Draconian Conjurer on June 26, 2022.
             Slain by a bat (1 damage)
             ... on level 1 of the Dungeon.
             The game lasted 00:00:25 (61 turns).

raph the Conjurer (Draconian Conjurer)                Turns: 61, Time: 00:00:25

Health: 0/14       AC:  4    Str:  9    XL:     1   Next: 33%
Magic:  1/3        EV: 12    Int: 18    God:
Gold:   0          SH:  0    Dex:  9    Spells: 3/4 levels left

rFire   . . .      SeeInvis .   (no weapon)
rCold   . . .      Faith    .   (no shield)
rNeg    . . .      Spirit   .   (armour unavailable)
rPois   .          Reflect  .   (helmet restricted)
rElec   .          Harm     .   (no cloak)
rCorr   .          Rampage  .   (no gloves)
Will    .....                   (no boots)
Stlth   ++........              (no amulet)
HPRegen 0.04/turn               (no ring)
MPRegen 0.08/turn               (no ring)

@: no status effects
A: AC +4, unfitting armour, cold-blooded
a: no special abilities


You were on level 1 of the Dungeon.
You visited 1 branch of the dungeon, and saw 1 of its levels.

You aren't carrying anything.


   Skills:
 + Level 0.1 Fighting
 + Level 1.8 Dodging
 + Level 1.8 Stealth
 + Level 2.0 Spellcasting
 * Level 4.0 Conjurations


You had 3 spell levels left.
You knew the following spells:

 Your Spells              Type           Power      Damage    Failure   Level
a - Magic Dart            Conj           64%        1d6       3%          1

Your spell library contained the following spells:

 Spells                   Type           Power      Damage    Failure   Level
 Searing Ray              Conj           32%        2d5       5%          2
 Dazzling Flash           Conj/Hex       18%        N/A       24%         3
 Fulminant Prism          Conj/Hex       4%         3d6       61%         4
 Iskenderun's Mystic Bla  Conj/Tloc      9%         2d4       61%         4


Dungeon Overview and Level Annotations

Branches:
Dungeon (1/15)

Altars:


Innate Abilities, Weirdness & Mutations

Your plain brown scales are hard. (AC +4)
You cannot fit into any form of body armour.
You are cold-blooded and may be slowed by cold attacks.


Message History

The ball python is severely wounded.
The ball python bites you but does no damage.
The ball python constricts you.
You closely miss the ball python.
The ball python is severely wounded.
The ball python bites you. The ball python constricts you.
The ball python bites you but does no damage.
The ball python constricts you.
You barely miss the ball python.
The ball python is severely wounded.
The ball python bites you but does no damage.
The ball python constricts you.
Casting: Magic Dart (safe; 3% risk of failure)
Confirm with . or Enter, or press ? or * to list all spells.
Aiming: Magic Dart (safe; 3% risk of failure)
Press: ? - help, Shift-Dir - straight line, f/p - ball python
Aim: a ball python (severely wounded, constricting you, 100% to hit)
The magic dart hits the ball python.
You kill the ball python!
The bat hits you but does no damage. x2
The hobgoblin hits you. The bat hits you but does no damage.
An endoplasm comes into view.
The bat misses you.
The hobgoblin hits you but does no damage.
The endoplasm quivers.
The bat barely misses you. The bat closely misses you.
The bat barely misses you. The bat closely misses you. x2
A frilled lizard comes into view.
The bat hits you but does no damage. The endoplasm freezes you.
You are frozen.
The hobgoblin misses you. The bat hits you but does no damage.
The endoplasm hits you.
* * * LOW HITPOINT WARNING * * *
The bat misses you. The bat misses you. The endoplasm hits you.
* * * LOW HITPOINT WARNING * * *
The bat closely misses you. The bat hits you.
You die...

#.........##
#####......# #..
#...!..#### #...
#.#.......#
....###.#.......#
#.....#.'...J.g.##
......#.#...J..8.#
......#.####.b..<#
#....####.@.8.# ..
#......##....##
#..#......##....#
..........##....#
##.##.....##.#### #.
###'####.# ..#.###.#
##.######
........###.........
..#..##...J.........


You could see 2 endoplasms, a hobgoblin and a bat.

Vanquished Creatures
  A ball python (D:1)
  A bat (D:1)
2 creatures vanquished.

Notes
Turn   | Place    | Note
-------+----------+-------------------------------------------
     0 | D:1      | raph the Draconian Conjurer began the quest for the Orb.
     0 | D:1      | Reached XP level 1. HP: 14/14 MP: 3/3
    61 | D:1      | Slain by a bat

Illustrated notes

Levels and vault maps discovered:
D:1:      mrwooster_arrival_statue, layout_basic, roderic_serpentine_path

Action                   || total
-------------------------++-------
Melee: Unarmed           ||     5
 Cast: Magic Dart        ||     4
Armor: Skin              ||    20
Dodge: Dodged            ||    35
